 Dungeon Crawl Stone Soup version 0.21-a0-84-g85d6d27 (webtiles) character file.

202 ryw the Firebug (level 5, 0/28 HPs)
             Began as a Deep Elf Fire Elementalist on June 27, 2017.
             Killed from afar by FrankyJ's ghost (7 damage)
             ... with a magic dart
             ... on level 3 of the Dungeon.
             The game lasted 00:10:26 (2987 turns).

ryw the Firebug (Deep Elf Fire Elementalist)        Turns: 2987, Time: 00:10:26

Health: 0/28       AC:  2    Str:  5    XL:     5   Next: 50%
Magic:  11/11      EV: 17    Int: 21    God:
Gold:   168        SH:  0    Dex: 15    Spells: 2/10 levels left

rFire    . . .     SeeInvis .   o - +0 short sword
rCold    . . .     Gourm    .   (no shield)
rNeg     . . .     Faith    .   a - +0 robe
rPois    .         Spirit   .   (no helmet)
rElec    .         Reflect  .   (no cloak)
rCorr    .         Harm     .   (no gloves)
MR       .....                  (no boots)
Stlth    ++........             (no amulet)
HPRegen  0.09/turn              g - +4 ring of evasion
MPRegen  0.12/turn              (no ring)

@: no status effects
A: no striking features
a: no special abilities


You were on level 3 of the Dungeon.
You were not hungry.

You visited 1 branch of the dungeon, and saw 3 of its levels.

You collected 168 gold pieces.

Inventory:

Hand Weapons
 o - a +0 short sword (weapon)
Armour
 a - a +0 robe (worn)
Jewellery
 g - a +4 ring of evasion (left hand)
Wands
 r - a wand of iceblast (4/15)
 s - a wand of flame (15/48)
Scrolls
 d - a scroll of amnesia {unknown}
 i - 6 scrolls of identify {unknown}
 j - 2 scrolls of fog {unknown}
 p - 3 scrolls of remove curse {unknown}
Potions
 e - a potion of mutation {unknown}
 h - 2 potions of brilliance {unknown}
 k - 2 potions of invisibility {unknown}
 l - a potion of degeneration {unknown}
 m - a potion of lignification {unknown}
 n - a potion of curing {unknown}
Books
 b - a book of Flames

   Spells                             Type                      Level
   a - Flame Tongue                   Conjuration/Fire             1
   b - Throw Flame                    Conjuration/Fire             2
   c - Conjure Flame                  Conjuration/Fire             3
   d - Inner Flame                    Hexes/Fire                   3
   e - Sticky Flame                   Conjuration/Fire             4
   f - Fireball                       Conjuration/Fire             5
Comestibles
 c - 2 bread rations
 f - a royal jelly
 q - 7 chunks of flesh


   Skills:
 - Level 0.1 Fighting
 - Level 2.4 Dodging
 - Level 2.4 Stealth
 - Level 3.0 Spellcasting
 - Level 1.1 Conjurations
 + Level 6.9 Fire Magic


You had 2 spell levels left.
You knew the following spells:

 Your Spells              Type           Power        Failure   Level  Hunger
a - Flame Tongue          Conj/Fire      ###..        2%          1    None
b - Conjure Flame         Conj/Fire      ###.....     8%          3    ###....
c - Sticky Flame          Conj/Fire      ###.....     26%         4    ####...


Dungeon Overview and Level Annotations

Branches:
Dungeon (3/15)

Altars:
Wu Jian

Annotations:
D:3 FrankyJ's ghost, amateur DECj


Message History

Confirm with . or Enter, or press ? or * to list all spells.
Aiming: Flame Tongue
Press: ? - help, Shift-Dir - straight line, f - FrankyJ's ghost
Aim: FrankyJ's ghost The flame tongue hits FrankyJ's ghost.
FrankyJ's ghost appears unharmed.
FrankyJ's ghost points at you and mumbles some strange words.
The magic dart hits you!
FrankyJ's ghost gestures at you while chanting.
The lance of force misses you. FrankyJ's ghost casts a spell at you.
The magic dart hits you!
FrankyJ's ghost points at you and mumbles some strange words.
The magic dart hits you!
FrankyJ's ghost points at you and mumbles some strange words.
The magic dart hits you!
* * * LOW HITPOINT WARNING * * *
Some of the chunks of flesh in your inventory have rotted away.
FrankyJ's ghost points at you and mumbles some strange words.
The magic dart hits you!
You die...

#........#..# #.# .#
#...........# #.# .# #
#..#.##..#..# #.###.# #
#.#..#.##..#..####)....####
#.##.#..#.##..#..#....^.......
....>.........................
###.#..#..####..#..#.##.....####
.......#..####...(..........###
.............<@......W.......# #
#....##.##..#....#.##.##..#.##
.#.#......).........#.##.........
........##.....#....####.##.##.##
##.##............................
....................####.##.##.##
#.##...####.#....... ...#...#.#
#.##...............####.......#
#.##........#..## #.#...#.#


You could see FrankyJ's ghost.

Vanquished Creatures
  7 gnolls (D:3)
  4 adders
  An ooze (D:1)
  2 worms
  A dart slug (D:3)
  3 leopard geckos
  6 orcs (D:3)
  9 bats
  5 giant cockroaches
  6 goblins
  5 hobgoblins
  6 jackals
  11 kobolds
  A ball python (D:1)
  4 frilled lizards
  9 rats
80 creatures vanquished.

Notes
Turn   | Place    | Note
-------+----------+-------------------------------------------
     0 | D:1      | ryw the Deep Elf Fire Elementalist began the quest for the Orb.
     0 | D:1      | Reached XP level 1. HP: 10/10 MP: 6/6
   142 | D:1      | Reached XP level 2. HP: 15/15 MP: 2/8
   151 | D:1      | Reached skill level 4 in Fire Magic
   590 | D:1      | Reached XP level 3. HP: 19/19 MP: 5/9
   852 | D:1      | Noticed an ogre
  1226 | D:2      | Reached skill level 5 in Fire Magic
  1257 | D:2      | Learned a level 3 spell: Conjure Flame
  1743 | D:2      | Reached XP level 4. HP: 24/24 MP: 5/10
  1752 | D:2      | Learned a level 4 spell: Sticky Flame
  2319 | D:3      | Reached skill level 6 in Fire Magic
  2357 | D:3      | Reached XP level 5. HP: 17/28 MP: 4/11
  2597 | D:3      | Noticed FrankyJ's ghost (amateur DECj)
  2845 | D:3      | Found an ornate altar of the Wu Jian Council.
  2987 | D:3      | Killed from afar by FrankyJ's ghost

Vault maps used:
D:1:      dpeg_arrival_court
D:3:      marbit_many_paths, wad_orctagon

Skill      XL: |  1  2  3  4 |
---------------+-------------+-----
Fire Magic     | 4 5 6 |  6.9
Fighting       | |  0.1
Dodging        | |  2.4
Stealth        | |  2.4
Spellcasting   | |  3.0
Conjurations   | |  1.1

Action                   |  1- 3 |  4- 6 || total
-------------------------+-------+-------++-------
Melee: Short sword       |     3 |       ||     3
 Cast: Flame Tongue      |    84 |    71 ||   155
  Eat: Chunk             |     2 |     4 ||     6
Armor: Robe              |     6 |     5 ||    11
Dodge: Dodged            |    29 |    10 ||    39
